Construct Section Command Post
Construct Platoon Command Post
6-pounder Anti-tank Gun Team
Selects Australian Defense Battlegroup
Selects Australian Light Infantry Section
Selects Defensive Tactics
Australian Light Infantry Section
Selects CMP 15cwt Supply Run
Construct Company Command Post
Selects Reinforced Resource Caches
Unlock Bishop Self-propelled Artillery
Selects Charged Creeping Barrage
Bishop Self-propelled Artillery
Bishop Self-propelled Artillery
Unlock M3 Grant Medium Tanks